 Dungeon Crawl Stone Soup version 0.28-a0-1087-gf3fc490d9d (webtiles) character file.

Game seed: 1033538460972219647

91 ytrimaz the Insei (level 4, -2/28 HPs)
             Began as an Octopode Transmuter on Dec 10, 2021.
             Slain by an adder (4 damage)
             ... on level 2 of the Dungeon.
             The game lasted 00:01:29 (1796 turns).

ytrimaz the Insei (Octopode Transmuter)             Turns: 1796, Time: 00:01:29

Health: -2/28      AC:  1    Str:  9    XL:     4   Next: 57%
Magic:  8/8        EV: 13    Int: 17    God:
Gold:   67         SH:  0    Dex: 12    Spells: 3/9 levels left

rFire   . . .      SeeInvis .     - Unarmed
rCold   . . .      Faith    .   (no shield)
rNeg    . . .      Spirit   .   (helmet currently unavailable)
rPois   .          Reflect  .   (no amulet)
rElec   .          Harm     .   (no ring)
rCorr   .          Rampage  .   (no ring)
Will    .....                   (no ring)
Stlth   ++........              (no ring)
HPRegen 0.09/turn               (no ring)
MPRegen 0.11/turn               (no ring)
                                (no ring)
                                (no ring)

@: lethally poisoned (-2 -> -4), appendages (expiring)
A: tentacle spike 3, almost no armour, amphibious, 8 rings, camouflage 1,
gelatinous body 1, (nimble swimmer 1), tentacles
a: End Transformation


You were on level 2 of the Dungeon.
One of your tentacles had grown a beastly spike.
You visited 1 branch of the dungeon, and saw 2 of its levels.

You collected 67 gold pieces.

Inventory:

Potions
 a - a potion of flight


   Skills:
 * Level 1.5 Fighting
 - Level 2.0 Dodging
 + Level 3.7 Unarmed Combat
 * Level 3.0 Spellcasting
 * Level 2.8 Transmutations


You had 3 spell levels left.
You knew the following spells:

 Your Spells              Type           Power      Damage    Failure   Level
a - Beastly Appendage     Tmut           24%        N/A       5%          1
b - Wereblood             Tmut           12%        N/A       9%          2
c - Spider Form           Tmut/Pois      7%         N/A       28%         3

Your spell library contained the following spells:

 Spells                   Type           Power      Damage    Failure   Level
 Ice Form                 Ice/Tmut       7%         N/A       67%         4


Dungeon Overview and Level Annotations

Branches:
Dungeon (2/15)

Altars:


Innate Abilities, Weirdness & Mutations

One of your tentacles has grown a beastly spike.
You cannot wear most types of armour.
You are amphibious.
You can wear up to eight rings at the same time.
Your skin changes colour to match your surroundings (Stealth+).
Your rubbery body absorbs attacks. (AC +1, EV +1)
((You are camouflaged near water. (Stealth+)))
You have tentacles for arms and can constrict up to eight enemies at once.


Message History

You feel sick. The adder bites you. The adder barely misses you.
You miss the adder. Your grab misses the adder.
The adder is severely wounded.
You feel sick. The adder closely misses you. The adder bites you.
* * * LOW HITPOINT WARNING * * *
Unknown command.
You feel better.
The adder closely misses you. x2; The adder bites you.
Unknown command.
The adder barely misses you.
You tentacle-slap the adder but do no damage.
Your grab misses the adder.
Your tentacle spike misses the adder.
Your squeeze misses the adder.
The adder is severely wounded.
Your transformation is almost over.
The adder bites you. x2
You tentacle-slap the adder. Your grab misses the adder.
The adder is almost dead.
The adder misses you.
You tentacle-slap the adder.
You kill the adder!
The adder bites you.
You are poisoned.
The adder poisons you!
Your Spellcasting skill increases to level 3!
You miss the adder. Your grab misses the adder.
The adder is lightly wounded.
You feel sick. The adder barely misses you.
Unknown command.
You tentacle-slap the adder but do no damage.
Your grab misses the adder. Your squeeze misses the adder.
The adder is lightly wounded.
You feel sick. The adder bites you.
* * * LOW HITPOINT WARNING * * *
You miss the adder. You grab the adder.
You pierce the adder.
You squeeze the adder, but do no damage.
The adder is heavily wounded.
You constrict the adder, but do no damage.
* * * LOW HITPOINT WARNING * * *
You feel sick. The adder closely misses you. The adder bites you.
You die...

#.# #.### #..# ####.#
#.# #.# #..# #.# #.#
#.# #... #.. #.# #.#
.# # #..
#.###.#####.##.## ##>
#.................<...
#####.###......######.
#S# #......# #.
#@#......>..# #.
#.#.#........ ..
#.#.#......## #. #.#
##.#..... .. #..
##.###. ### .# #.# .#


You could see an adder.

Vanquished Creatures
  3 gnolls (D:2)
  An adder (D:2)
  3 dart slugs (D:1)
  2 endoplasms (D:1)
  A giant cockroach (D:1)
  7 goblins
  A hobgoblin (D:2)
  7 jackals (D:1)
  7 ball pythons
  5 bats
  2 frilled lizards
  2 kobolds (D:1)
  6 rats (D:1)
47 creatures vanquished.

Vanquished Creatures (others)
  10 plants (D:2)
10 creatures vanquished.

Grand Total: 57 creatures vanquished

Notes
Turn   | Place    | Note
-------+----------+-------------------------------------------
     0 | D:1      | ytrimaz the Octopode Transmuter began the quest for the
                  | Orb.
     0 | D:1      | Reached XP level 1. HP: 13/13 MP: 3/3
   326 | D:1      | Reached XP level 2. HP: 15/18 MP: 3/5
   572 | D:1      | Reached XP level 3. HP: 23/23 MP: 6/6
   575 | D:1      | Learned a level 2 spell: Wereblood
   579 | D:1      | Learned a level 3 spell: Spider Form
  1429 | D:2      | Reached XP level 4. HP: 28/28 MP: 0/8
  1534 | D:2      | Found a faded altar of an unknown god.
  1796 | D:2      | Slain by an adder

Illustrated notes

Levels and vault maps discovered:
D:1:      dpeg_arrival_long_road, layout_loops_corners
D:2:      layout_loops_ring, basic_altar,
          hellmonk_ecumenical_altar_inner_sanctum, nicolae_grassy_gnolls,
          uniq_crazy_yiuf_cottage

Skill      XL: |  1  2  3  4 |
---------------+-------------+-----
Spellcasting   | 3 |  3.0
Fighting       | |  1.5
Dodging        | |  2.0
Unarmed Combat | |  3.7
Transmutations | |  2.8

Action                   |  1- 3 |  4- 6 || total
-------------------------+-------+-------++-------
Melee: Unarmed           |    75 |    30 ||   105
       Constrict         |    19 |     6 ||    25
       Kick              |     7 |     4 ||    11
       Tentacles         |     6 |     3 ||     9
       Punch             |     1 |       ||     1
 Cast: Beastly Appendage |    11 |     2 ||    13
       Spider Form       |     1 |       ||     1
       Wereblood         |     1 |       ||     1
  Use: Scroll            |     3 |       ||     3
       Potion            |       |     1 ||     1
 Stab: Sleeping          |    11 |     1 ||    12
Armor: Skin              |     9 |     4 ||    13
Dodge: Dodged            |    54 |    26 ||    80

Table legend: (Time is in decaauts)
 A = Elapsed time spent in this place.
 B = Non-inter-level travel time spent in this place.
 C = Inter-level travel time spent in this place.
 D = Time resting spent in this place.
 E = Time spent auto-exploring this place.
 F = Levels seen in this place.
 G = Mean time per level.
                   A        B        C        D        E       F      G
               +--------+--------+--------+--------+--------+-----+--------+
         Total |   1789 |   1757 |     32 |      8 |   1409 |   2 |  894.5 |
       Dungeon |   1789 |   1757 |     32 |      8 |   1409 |   2 |  894.5 |
               +--------+--------+--------+--------+--------+-----+--------+

Top non-repeatable levels by time:
     D:1: 1375 daAuts
     D:2: 413 daAuts
